 Dungeon Crawl Stone Soup version bcrawl-1.28.1b (webtiles) character file.

Game seed: 15687852712346826119

260023 LostNumber the Ruffian (level 9, 0/103 HPs)
             Began as a Demonspawn Archaeologist on Dec 8, 2020.
             Succumbed to a swamp drake's poison
             ... on level 7 of the Dungeon.
             The game lasted 00:13:30 (8211 turns).

LostNumber the Ruffian (Demonspawn Archaeologist)   Turns: 8211, Time: 00:13:31

Health: 0/103      AC:  8    Str: 17    XL:     9   Next: 84%
Magic:  13/13      EV: 14    Int: 20    God:
Gold:   491        SH:  0    Dex: 14    Spells: 8/8 levels left

rFire    + + .     SeeInvis .     - Claws (22.1)
rCold    . . .     Gourm    .   (no shield)
rNeg     . . .     Faith    .   z - +2 leather armour of the Trombone {rF++ Str-4 Dex+3}
rPois    .         Spirit   .   c - +1 hat
rElec    .         Reflect  .   (no cloak)
rCorr    .         Harm     .   (gloves unavailable)
MR       .....                  d - +1 pair of boots
Stlth    ..........             (no amulet)
HPRegen  0.27/turn              p - +5 ring of intelligence
MPRegen  0.13/turn              (no ring)

@: confused, berserking, lethally poisoned (0 -> -2), studying Short Blades,
very quick
A: claws 3, hooves 1, horns 1, powered by death 2
a: no special abilities


You were on level 7 of the Dungeon.
You were hungry.

You visited 2 branches of the dungeon, and saw 8 of its levels.
You also visited: Sewer.

You collected 491 gold pieces.

Inventory:

Hand Weapons
 h - a +0 whip of electrocution
   (You took it off Pikel on level 4 of the Dungeon)
 F - a +2 short sword of venom
   (You took it off Duvessa on level 7 of the Dungeon)
Armour
 b - a +1 robe
 c - a +1 hat (worn)
 d - a +1 pair of boots (worn)
 l - a +0 chain mail
   (You found it on level 1 of the Dungeon)
 y - a +2 robe of cold resistance
   (You took it off Pikel on level 4 of the Dungeon)
 z - the +2 leather armour of the Trombone (worn) {rF++ Str-4 Dex+3}
   (You found it on level 6 of the Dungeon)

   It affects your strength (-4).
   It affects your dexterity (+3).
   It greatly protects you from fire.
 B - a +0 plate armour
   (You found it on level 5 of the Dungeon)
 E - a +0 buckler
   (You found it on level 7 of the Dungeon)
Jewellery
 p - a +5 ring of intelligence (left claw)
   (You found it on level 2 of the Dungeon)
Wands
 f - a wand of clouds (14)
   (You acquired it in a sewer)
 A - a wand of enslavement (6)
   (You found it on level 5 of the Dungeon)
Scrolls
 g - 3 scrolls of magic mapping
 m - a scroll of blinking {unknown}
 o - 2 scrolls of teleportation {@r4}
 s - 2 scrolls of noise {unknown}
 t - a scroll of remove curse {@r2}
 u - 3 scrolls of amnesia {unknown}
 C - a scroll of enchant armour {unknown}
 D - 2 scrolls of fear {unknown}
 G - a scroll of vulnerability {unknown}
Potions
 a - 2 potions of agility
 i - a potion of haste {@q3}
 j - a potion of flight
 k - 5 potions of curing {@q1}
 q - 2 potions of brilliance
 r - a potion of invisibility {unknown}
 v - 2 potions of heal wounds {@q2}
 w - a potion of might
Books
 x - a manual of Short Blades {!d}
   (You found it on level 4 of the Dungeon)
Comestibles
 e - 14 rations {!d!d}


   Skills:
 + Level 6.1 Fighting
 - Level 1.3 Maces & Flails
 + Level 5.4 Armour
 + Level 4.5 Dodging
 - Level 3.0 Stealth
 + Level 1.0 Shields
 * Level 7.7 Unarmed Combat
 + Level 5.5 Evocations


You had 8 spell levels left.
You didn't know any spells.
Your spell library was empty.

Dungeon Overview and Level Annotations

Branches:
Dungeon (7/12)             Temple (1/1) D:6
   Lair: D:7-9

Altars:
Ashenzari
Cheibriados
Dithmenos
Elyvilon
Fedhas
Gozag
Hepliaklqana
Kikubaaqudgha
Lugonu
Makhleb
Nemelex Xobeh
Qazlal
Sif Muna
Trog
Uskayaw
Wu Jian
Yredelemnul
Zin
The Shining One

Shops:
D:4 %   D:7 (


Innate Abilities, Weirdness & Mutations

You have claws for hands.
You have large cloven feet.
You have a pair of small horns on your head.
You regenerate health from kills.


Message History

Something hits the swamp drake!
You're too confused to move!
The crocodile closely misses you. The swamp drake breathes poison at you.
The noxious blast engulfs the crocodile but does no damage.
Unknown command.
You bump into the rock wall.
You are engulfed in noxious fumes.
You choke on the stench!
You are more confused.
The crocodile is engulfed in noxious fumes.
The crocodile appears confused.
The crocodile is engulfed in noxious fumes.
The crocodile appears confused.
The crocodile bites you!!
* * * LOW HITPOINT WARNING * * *
You bump into the rock wall.
You are engulfed in noxious fumes.
You choke on the stench!
You are more confused.
* * * LOW HITPOINT WARNING * * *
The crocodile is engulfed in noxious fumes.
The crocodile dies!
You feel better.
Unknown command.
You barely miss the swamp drake. Your headbutt misses the swamp drake.
The swamp drake misses you.
You claw the swamp drake! Your headbutt misses the swamp drake.
The swamp drake bites you.
* * * LOW HITPOINT WARNING * * *
You are poisoned.
You feel yourself slow down.
A red film seems to cover your vision as you go berserk!
You feel yourself moving faster!
You feel mighty!
You feel yourself speed up.
You feel sick. The swamp drake bites you.
* * * LOW HITPOINT WARNING * * *
You feel yourself slow down.
You closely miss the swamp drake. You headbutt the swamp drake!
You feel sick. The swamp drake breathes poison at you.
The noxious blast misses you.
You closely miss the swamp drake. You headbutt the swamp drake.
You kill the swamp drake!
You are engulfed in noxious fumes.
You choke on the stench!
You are confused.
* * * LOW HITPOINT WARNING * * *
Your Shields skill increases to level 1!
You are too berserk!
You bump into the rock wall.
You are engulfed in noxious fumes.
You choke on the stench!
You are more confused.
* * * LOW HITPOINT WARNING * * *
You feel yourself speed up.
You die...

## °## # ### #°####
###.# ##@°°°# .
...#### #°####..#...
###...###
##°#####.....
.#####..####
#°#.......... ##
##....###..ck....####
##..........##.#..#
#####.###### .# .#
##### ####### #
....#####.....#


There were no monsters in sight!

Vanquished Creatures
  Pikel (D:4)
  A hornet (D:6)
  2 crocodiles (D:7)
  2 water moccasins
  Duvessa (D:7)
  A swamp drake (D:7)
  An orc warrior (D:6)
  A phantom (D:3)
  3 ogres
  A centaur (D:5)
  4 bullfrogs (D:6)
  4 big kobolds
  Dowan (D:7)
  2 scorpions
  A water moccasin skeleton (D:7)
  2 howler monkeys
  A crimson imp (D:5)
  3 centaur zombies
  3 bullfrog skeletons
  A jelly (D:6)
  3 orc priests
  A hound (D:6)
  2 iguanas
  2 orc wizards
  5 worker ants (D:4)
  A hound skeleton (D:4)
  9 adders
  A shadow imp (D:5)
  6 oozes
  5 worms
  A dart slug (D:5)
  5 leopard geckos
  16 orcs
  3 ball pythons
  9 bats
  10 giant cockroaches
  5 goblins
  10 hobgoblins
  8 jackals
  9 quokkas
  4 frilled lizards
  17 kobolds
  8 rats
176 creatures vanquished.

Vanquished Creatures (others)
  A crocodile (D:7)
  An orc wizard (D:5)
  3 jackals (D:5)
  A jackal skeleton (D:5)
6 creatures vanquished.

Grand Total: 182 creatures vanquished

Notes
Turn   | Place    | Note
-------+----------+-------------------------------------------
     0 | D:1      | LostNumber the Demonspawn Archaeologist began the quest for
                  | the Orb.
     0 | D:1      | Reached XP level 1. HP: 15/15 MP: 1/1
    59 | D:1      | Reached skill level 1 in Maces & Flails
   198 | D:1      | Gained mutation: You have sharp fingernails. [demonic
                  | ancestry]
   198 | D:1      | Reached XP level 2. HP: 21/21 MP: 2/2
   974 | D:1      | Reached XP level 3. HP: 18/26 MP: 3/3
   979 | D:1      | Reached skill level 1 in Unarmed Combat
  1104 | D:2      | Reached skill level 1 in Armour
  1735 | D:2      | Gained mutation: You have large cloven feet. [demonic
                  | ancestry]
  1735 | D:2      | Reached XP level 4. HP: 25/33 MP: 4/4
  2337 | D:3      | HP: 1/33 [bullfrog skeleton (4)]
  2339 | D:3      | Reached skill level 2 in Unarmed Combat
  2458 | D:3      | Found a glowing drain.
  2505 | Sewer    | Entered a sewer
  2542 | Sewer    | Gained mutation: You have very sharp fingernails. [demonic
                  | ancestry]
  2542 | Sewer    | Reached XP level 5. HP: 27/39 MP: 5/5
  2542 | Sewer    | Identified a scroll of acquirement
  2542 | Sewer    | Identified the ring of Ejiopuim {Fire rElec SInv Stlth-}
                  | (You acquired it in a sewer)
  2802 | Sewer    | Reached skill level 3 in Unarmed Combat
  2802 | Sewer    | Reached skill level 1 in Evocations
  2874 | Sewer    | Gained mutation: You have claws for hands. [demonic
                  | ancestry]
  2874 | Sewer    | Reached XP level 6. HP: 18/46 MP: 5/7
  3515 | D:3      | Reached skill level 4 in Unarmed Combat
  3515 | D:3      | Gained mutation: You regenerate a little health from kills.
                  | [demonic ancestry]
  3515 | D:3      | Reached XP level 7. HP: 31/52 MP: 8/8
  4307 | D:4      | Found a snail-covered altar of Cheibriados.
  4373 | D:4      | Found Midug's Food Shoppe.
  4569 | D:4      | Reached skill level 5 in Unarmed Combat
  4992 | D:5      | Entered Level 5 of the Dungeon
  4997 | D:5      | Noticed Pikel
  5028 | D:4      | Killed Pikel
  5029 | D:4      | Gained mutation: You have a pair of small horns on your
                  | head. [demonic ancestry]
  5029 | D:4      | Reached XP level 8. HP: 27/61 MP: 10/10
  5305 | D:5      | Reached skill level 6 in Unarmed Combat
  6113 | D:6      | Reached skill level 5 in Fighting
  6249 | D:6      | Noticed a hornet
  6328 | D:6      | Killed a hornet
  6329 | D:6      | Gained mutation: You regenerate health from kills. [demonic
                  | ancestry]
  6329 | D:6      | Reached XP level 9. HP: 62/68 MP: 12/12
  6521 | D:6      | Got a steaming leather armour
  6532 | D:6      | Identified the +2 leather armour of the Trombone {rF++
                  | Str-4 Dex+3} (You found it on level 6 of the Dungeon)
  6822 | D:6      | Reached skill level 7 in Unarmed Combat
  6881 | D:6      | Found a staircase to the Ecumenical Temple.
  6890 | Temple   | Entered the Ecumenical Temple
  7177 | D:6      | Reached skill level 5 in Armour
  7370 | D:6      | Reached skill level 5 in Evocations
  7718 | D:7      | Noticed Dowan
  7720 | D:7      | Noticed Duvessa
  7750 | D:7      | Killed Dowan
  7764 | D:7      | Found Ejyh's Weapon Boutique.
  7829 | D:7      | Found a sparkling altar of Nemelex Xobeh.
  7872 | D:7      | Killed Duvessa
  8203 | D:7      | HP: 3/69 [crocodile (18)]
  8204 | D:7      | HP: 1/69 [swamp drake] (2)]
  8209 | D:7      | HP: 5/103 [poisoned by a swamp drake]
  8211 | D:7      | Reached skill level 1 in Shields
  8211 | D:7      | HP: 1/103 [something (2)]
  8211 | D:7      | Succumbed to a swamp drake's poison

Skill      XL: |  1  2  3  4  5  6  7  8  9 |
---------------+----------------------------+-----
Maces & Flails | 1 |  1.3
Dodging        | 3 4 |  4.5
Unarmed Combat | 1 2 3 4 5 6 7 |  7.7
Armour         | 1 2 4 5 |  5.4
Fighting       | 2 3 4 5 6 |  6.1
Evocations     | 1 2 3 4 5 |  5.5
Shields        | 1 |  1.0
Stealth        | |  3.0

Action                   |  1- 3 |  4- 6 |  7- 9 || total
-------------------------+-------+-------+-------++-------
Melee: Whip              |    44 |       |       ||    44
       Unarmed           |   158 |   213 |   328 ||   699
       Punch             |     1 |     1 |     8 ||    10
       Headbutt          |       |       |    35 ||    35
Evoke: Wand              |       |     1 |     1 ||     2
  Use: Scroll            |       |     2 |     8 ||    10
       Potion            |       |     3 |     6 ||     9
 Stab: Sleeping          |     5 |     8 |     9 ||    22
       Confused          |       |     1 |     1 ||     2
  Eat: Chunk             |     7 |    11 |    20 ||    38
Armor: Robe              |    53 |    61 |    36 ||   150
       Leather armour    |       |       |    19 ||    19
Dodge: Dodged            |   117 |   104 |   186 ||   407
